 Dungeon Crawl Stone Soup version 0.25-a0-635-g0c6c292ef3 (webtiles) character file.

Game seed: 16464355626049229798, levelgen mode: deterministic

18 vishdafish the Charmwright (level 2, 0/22 HPs)
             Began as a Demonspawn Skald on Mar 21, 2020.
             Succumbed to an adder's poison
             ... on level 2 of the Dungeon.
             The game lasted 00:02:14 (1035 turns).

vishdafish the Charmwright (Demonspawn Skald)       Turns: 1035, Time: 00:02:14

Health: 0/22       AC:  9    Str: 11    XL:     2   Next: 51%
Magic:  5/5        EV:  5    Int: 14    God:
Gold:   15         SH:  0    Dex: 12    Spells: 4/5 levels left

rFire    . . .     SeeInvis .   a - +1 falchion
rCold    . . .     Gourm    .   (no shield)
rNeg     . . .     Faith    .   c - +1 chain mail
rPois    .         Spirit   .   (no helmet)
rElec    .         Reflect  .   (no cloak)
rCorr    .         Harm     .   (no gloves)
MR       .....                  (no boots)
Stlth    ..........             (no amulet)
HPRegen  0.07/turn              h - ring of attention (curse)
MPRegen  0.09/turn              (no ring)

@: lethally poisoned (0 -> -8), very slightly contaminated
A: talons 1
a: no special abilities


You were on level 2 of the Dungeon.
You were not hungry.

You visited 1 branch of the dungeon, and saw 2 of its levels.

You collected 15 gold pieces.

Inventory:

Hand Weapons
 a - a +1 falchion (weapon)
Armour
 b - a +0 leather armour
 c - a +1 chain mail (worn)
Jewellery
 h - a cursed ring of attention (left hand)
Scrolls
 i - a scroll of immolation
Comestibles
 d - 2 rations


   Skills:
 + Level 2.1 Fighting
 + Level 2.0 Long Blades
 + Level 1.0 Armour
 + Level 1.9 Dodging
 + Level 2.1 Spellcasting
 + Level 3.0 Charms


You had 4 spell levels left.
You knew the following spells:

 Your Spells              Type           Power        Failure   Level  Hunger
a - Infusion              Chrm           ##..         98%         1    #......

Your spell library contained the following spells:

 Spells                   Type           Power        Failure   Level  Hunger
 Song of Slaying          Chrm           ##......     99%         2    ###....
 Shroud of Golubria       Chrm/Tloc      #.....       100%        2    ###....
 Ozocubu's Armour         Chrm/Ice       #.......     100%        3    ###....
 Spectral Weapon          Hex/Chrm       #.......     100%        3    ###....


Dungeon Overview and Level Annotations

Branches:
Dungeon (2/15)

Altars:


Innate Abilities, Weirdness & Mutations

You have sharp toenails.


Message History

There is an open door here.
* * * LOW HITPOINT WARNING * * *
You feel sick. The adder bites you but does no damage.
* * * LOW HITPOINT WARNING * * *
You feel sick. The adder barely misses you.
You riposte.
You closely miss the adder. You claw the adder.
The adder is severely wounded.
* * * LOW HITPOINT WARNING * * *
You feel sick. The adder bites you.
* * * LOW HITPOINT WARNING * * *
You are more poisoned.
The adder poisons you!
* * * LOW HITPOINT WARNING * * *
You feel sick.
You barely miss the adder.
The adder is severely wounded.
You die...

*****,******* #.....###.#####
*,***########.........#
*,,,,..#(..S'†.w......####
*****#.#.####......#.....#
*,,,#.#.######+##.#.....#
*,#,#.#....# *,*#.......#
*,#.#.####l#**,*##......#
*******,#.#.#..#S#*,,,,#.#'####
*,,,,,*,#......@.#****,#.#.#
*,,,,,*,###..<.(##****,#.#.#
*,,,,,#...).....†......#.#.#
*,,,.....####.#.########.#.#
****#...,*,...#.#*,,,,,#.#.#
**#..,,*.####.#*,***,#.#.#
*,..,,..,,,,...*,,,*,*,#.#
**.,,,.,,***###***,*,*,*,*****
*,,,*,****,,,,*,,,,*,,,,,,,,,,


You could see an adder and a frilled lizard.

Vanquished Creatures
  A dart slug (D:1)
  A leopard gecko (D:1)
  2 ball pythons (D:1)
  A goblin (D:1)
  A hobgoblin (D:1)
  A quokka (D:2)
  2 frilled lizards (D:1)
  2 kobolds
  6 rats
17 creatures vanquished.

Notes
Turn   | Place    | Note
-------+----------+-------------------------------------------
     0 | D:1      | vishdafish the Demonspawn Skald began the quest for the
                  | Orb.
     0 | D:1      | Reached XP level 1. HP: 16/16 MP: 3/3
   744 | D:1      | Reached skill level 1 in Armour
   744 | D:1      | Gained mutation: You have sharp toenails. [demonic
                  | ancestry]
   744 | D:1      | Reached XP level 2. HP: 17/22 MP: 5/5
   877 | D:1      | Reached skill level 3 in Charms
  1034 | D:2      | HP: 1/22 [poisoned by an adder]
  1035 | D:2      | Succumbed to an adder's poison

Levels and vault maps discovered:
D:1:      dpeg_arrival_circle_labyrinth_a, layout_loops_ring, st_stairs_12,
          hangedman_decor_points
D:2:      layout_basic, overflow_temple_1_default, minmay_heptomino_o4

Skill      XL: |  1  2 |
---------------+-------+-----
Armour         | 1 |  1.0
Charms         | 3 |  3.0
Long Blades    | 2 |  2.0
Fighting       | |  2.1
Dodging        | |  1.9
Spellcasting   | |  2.1

Action                   || total
-------------------------++-------
Melee: Falchion          ||    50
       Kick              ||     3
 Cast: Infusion          ||     1
  Use: Scroll            ||     4
Armor: Chain mail        ||    35
       Leather armour    ||     1
Dodge: Dodged            ||    18
       Rpst.: Falchion   ||    10

Table legend:
 A = Non-vault XP
 B = Vault XP
 C = Vault XP percentage of total XP
 D = Non-vault monster count
 E = Vault monster count
 F = Vault count percentage of total count
                 A         B        C        D         E       F
            +---------+---------+-------+---------+---------+-------
      Total |      25 |       2 |   7.4 |      15 |       2 |  11.8
            +---------+---------+-------+---------+---------+-------
        D:1 |      21 |       2 |   8.7 |      12 |       2 |  14.3
        D:2 |       4 |       0 |   0.0 |       3 |       0 |   0.0
            +---------+---------+-------+---------+---------+-------
